AoeStats
← nesliq9028

Arena

504800601Analyzed
2v2 RM · 27d ago on Sep 6, 2026· 30m 41s· 4 players
Game mode
Random Map
Map size
Medium (4 player)
Population
200
Speed
Normal
Resources
Standard
Victory
Conquest
Starting age
Dark Age
Ending age
Imperial Age
RankedLock teamsTeams togetherTeam positionsShared explorationLock speedFull tech treeHidden civsTurbo modeCheats
Victory
Defeat
🇮🇹 Portuguese · Italy
864
+16
🇮🇹 Teutons · Italy
862
+17
🇹🇷 Franks · Türkiye
874
-16
🇹🇷 Turks · Türkiye
874
-17
_King_N00b_
7:37 Loom
9:23 Feudal Age
16:10 Castle Age
18:23 Double-Bit Axe
19:33 Gold Mining
22:12 Bow Saw
Baba Jaga
1:13 Loom
8:22 Loom
10:30 Feudal Age
17:57 Castle Age
16:37 Double-Bit Axe
16:57 Horse Collar
18:14 Gold Mining
20:31 Heavy Plow
24:20 Bow Saw
25:04 Forging
29:14 Ironclad
30:19 Wheelbarrow
31:46 Iron Casting
31:11 Scale Mail Armor
CANAVAR
5:09 Loom
14:44 Feudal Age
16:34 Wheelbarrow
17:32 Gold Mining
20:19 Castle Age
18:07 Double-Bit Axe
21:20 Forging
21:15 Scale Barding Armor
21:56 Hand Cart
22:37 Town Watch
28:48 Iron Casting
28:33 Husbandry
nesliq9028
0:37 Loom
13:08 Feudal Age
14:37 Wheelbarrow
13:50 Double-Bit Axe
14:53 Horse Collar
22:17 Castle Age
Connection lost

Rejoining the realm…

Still unreachable

The connection could not be restored.

Session expired

The server has moved on; the page needs a fresh start.